TOP OF THE 1ST |
Wisconsin Rapids Rangers batting - Pitching for Cincinnati Pride : RHP Jesús Martínez
|
Pitching: RHP Jesús Martínez
|
|
Batting: LHB Ramón Córdova
|
0-0: Ball 1-0: Ball 2-0: Ball 3-0: Called Strike 3-1: Foul Ball, location: 2F 3-2: Foul Ball, location: 2F 3-2: Fly out, F7 (Flyball, 7M)
|
Batting: RHB John Hursted
|
0-0: Swinging Strike 0-1: Ball 1-1: Ball 2-1: SINGLE (Groundball, 4MD)
|
Batting: RHB Tom Thompson
|
0-0: Ball 1-0: Ball 2-0: Ball 3-0: Called Strike 3-1: Called Strike 3-2: Strikes out looking
|
Batting: RHB Kirk Powell
|
0-0: Called Strike 0-1: Called Strike 0-2: Ball 1-2: Strikes out swinging
|
Top of the 1st over - 0 run(s), 1 hit(s), 0 error(s), 1 left on base; Wisconsin Rapids 0 - Cincinnati 0 |
BOTTOM OF THE 1ST |
Cincinnati Pride batting - Pitching for Wisconsin Rapids Rangers : RHP Jaime Martínez
|
Pitching: RHP Jaime Martínez
|
|
Now in LF: Bruce Brooks
|
|
Batting: SHB Nick Marshall
|
0-0: Called Strike 0-1: Foul Ball, location: 2F 0-2: Strikes out swinging
|
Batting: LHB Ricardo Brandariz
|
0-0: DOUBLE (Line Drive, 8RS)
|
Batting: RHB Fernando Díaz
|
0-0: Called Strike 0-1: Swinging Strike 0-2: Ground out 5-3 (Groundball, 56S) Ricardo Brandariz to third
|
Batting: LHB Robin Hill
|
0-0: Called Strike 0-1: Fly out, F7 (Line Drive, 7M)
|
Bottom of the 1st over - 0 run(s), 1 hit(s), 0 error(s), 1 left on base; Wisconsin Rapids 0 - Cincinnati 0 |
TOP OF THE 2ND |
Wisconsin Rapids Rangers batting - Pitching for Cincinnati Pride : RHP Jesús Martínez
|
Batting: RHB Arturo Rodríguez
|
0-0: Ball 1-0: Ball 2-0: Foul Ball, location: 2F 2-1: Swinging Strike 2-2: Strikes out swinging
|
Batting: RHB James Green
|
0-0: Ball 1-0: Ball 2-0: Ball 3-0: Called Strike 3-1: Fly out, F8 (Flyball, 8LM)
|
Batting: RHB Danny Campbell
|
0-0: Ball 1-0: Ball 2-0: Ball 3-0: Base on Balls
|
Batting: RHB Ray Little
|
0-0: Called Strike Danny Campbell steals 2nd base 0-1: Ball 1-1: Fly out, F9 (Flyball, 89D)
|
Top of the 2nd over - 0 run(s), 0 hit(s), 0 error(s), 1 left on base; Wisconsin Rapids 0 - Cincinnati 0 |
BOTTOM OF THE 2ND |
Cincinnati Pride batting - Pitching for Wisconsin Rapids Rangers : RHP Jaime Martínez
|
Batting: RHB Francisco Rincón
|
0-0: Ball 1-0: Foul Ball, location: 2F 1-1: Foul Ball, location: 2F 1-2: Strikes out swinging
|
Batting: RHB Peter Sexton
|
0-0: SINGLE (Line Drive, 34D)
|
Batting: RHB Jonas Uttley
|
0-0: Ball 1-0: Ball 2-0: Ball 3-0: Called Strike 3-1: Called Strike 3-2: Strikes out swinging
|
Batting: RHB Alden Isenhood
|
0-0: Ball 1-0: Fielders Choice at 2nd, U6 (Groundball, 6M)
|
Bottom of the 2nd over - 0 run(s), 1 hit(s), 0 error(s), 1 left on base; Wisconsin Rapids 0 - Cincinnati 0 |
TOP OF THE 3RD |
Wisconsin Rapids Rangers batting - Pitching for Cincinnati Pride : RHP Jesús Martínez
|
Batting: LHB Ron Robinson
|
0-0: Ball 1-0: Swinging Strike 1-1: Ball 2-1: Called Strike 2-2: Strikes out swinging
|
Batting: LHB Ramón Córdova
|
0-0: Ball 1-0: SINGLE (Groundball, 4MD)
|
Batting: RHB John Hursted
|
0-0: Ball Ramón Córdova is caught stealing 2nd base 1-0: Called Strike 1-1: Foul Ball, location: 2F 1-2: Strikes out swinging
|
Top of the 3rd over - 0 run(s), 1 hit(s), 0 error(s), 0 left on base; Wisconsin Rapids 0 - Cincinnati 0 |
BOTTOM OF THE 3RD |
Cincinnati Pride batting - Pitching for Wisconsin Rapids Rangers : RHP Jaime Martínez
|
Batting: RHB Gabriel Villegas
|
0-0: Ground out 6-3 (Groundball, 6)
|
Batting: SHB Nick Marshall
|
0-0: Foul Ball, location: 2F 0-1: Foul Ball, location: 2F 0-2: Ball 1-2: Strikes out swinging
|
Batting: LHB Ricardo Brandariz
|
0-0: Called Strike 0-1: Ball 1-1: SINGLE (Line Drive, 8RS)
|
Batting: RHB Fernando Díaz
|
0-0: Swinging Strike 0-1: Ball Wild Pitch! Ricardo Brandariz to second 1-1: Called Strike 1-2: Hit by Pitch
|
Batting: LHB Robin Hill
|
0-0: Ball 1-0: Called Strike 1-1: Ball 2-1: Ball 3-1: Base on Balls Ricardo Brandariz to third Fernando Díaz to second
|
Batting: RHB Francisco Rincón
|
0-0: Ball 1-0: Called Strike 1-1: Foul Ball, location: 2F 1-2: Ball 2-2: SINGLE (Groundball, 6MD) Ricardo Brandariz scores Fernando Díaz to third Robin Hill to second Runner from 3rd tries for Home, SAFE, no throw or cutoff
|
Batting: RHB Peter Sexton
|
0-0: Ball 1-0: Foul Ball, location: 2F 1-1: SINGLE (Line Drive, 56D) Robin Hill to third Francisco Rincón to second Runner from 3rd tries for Home, throw and OUT!
|
Bottom of the 3rd over - 2 run(s), 3 hit(s), 0 error(s), 2 left on base; Wisconsin Rapids 0 - Cincinnati 2 |
TOP OF THE 4TH |
Wisconsin Rapids Rangers batting - Pitching for Cincinnati Pride : RHP Jesús Martínez
|
Batting: RHB Bruce Brooks
|
0-0: Foul Ball, location: 2F 0-1: Ball 1-1: Fly out, F8 (Flyball, 8RM)
|
Batting: RHB Kirk Powell
|
0-0: Called Strike 0-1: Ball 1-1: Foul Ball, location: 2F 1-2: Foul Ball, location: 2F 1-2: SINGLE (Flyball, 7S)
|
Batting: RHB Arturo Rodríguez
|
0-0: Ball 1-0: Ball 2-0: Ball 3-0: Base on Balls Kirk Powell to second
|
Batting: RHB James Green
|
0-0: Ball 1-0: Called Strike 1-1: Foul Ball, location: 2F 1-2: Strikes out swinging
|
Batting: RHB Danny Campbell
|
0-0: Ball 1-0: SINGLE (Line Drive, 4M) Kirk Powell to third Arturo Rodríguez to second
|
Batting: RHB Ray Little
|
0-0: Fly out, F4 (Line Drive, 4)
|
Top of the 4th over - 0 run(s), 2 hit(s), 0 error(s), 3 left on base; Wisconsin Rapids 0 - Cincinnati 2 |
BOTTOM OF THE 4TH |
Cincinnati Pride batting - Pitching for Wisconsin Rapids Rangers : RHP Jaime Martínez
|
Batting: RHB Jonas Uttley
|
0-0: Called Strike 0-1: Ball 1-1: Ball 2-1: Fly out, F9 (Line Drive, 9LM)
|
Batting: RHB Alden Isenhood
|
0-0: Ball 1-0: Ball 2-0: Swinging Strike 2-1: Ball 3-1: Foul Ball, location: 2F 3-2: Foul Ball, location: 2F 3-2: SINGLE (Groundball, 56D)
|
Batting: RHB Gabriel Villegas
|
0-0: Swinging Strike 0-1: Called Strike 0-2: Ball 1-2: Ball 2-2: Ground out 4-3 (Groundball, 4M) Alden Isenhood to second
|
Batting: SHB Nick Marshall
|
0-0: Ball 1-0: Ball 2-0: Foul Ball, location: 2F 2-1: Ball 3-1: Fly out, F8 (Flyball, 8LM)
|
Bottom of the 4th over - 0 run(s), 1 hit(s), 0 error(s), 1 left on base; Wisconsin Rapids 0 - Cincinnati 2 |
TOP OF THE 5TH |
Wisconsin Rapids Rangers batting - Pitching for Cincinnati Pride : RHP Jesús Martínez
|
Batting: LHB Ron Robinson
|
0-0: Ball 1-0: Foul Ball, location: 2F 1-1: Swinging Strike 1-2: SOLO HOME RUN (Flyball, 9LD), Distance : 367 ft
|
Batting: LHB Ramón Córdova
|
0-0: Called Strike 0-1: Ball 1-1: Foul Ball, location: 2F 1-2: Strikes out swinging
|
Batting: RHB John Hursted
|
0-0: Ground out 6-3 (Groundball, 6M)
|
Batting: RHB Bruce Brooks
|
0-0: Called Strike 0-1: Foul Ball, location: 2F 0-2: Foul Ball, location: 2F 0-2: Ball 1-2: Ball 2-2: Foul Ball, location: 2F 2-2: Ball 3-2: Ground out 6-3 (Groundball, 6M)
|
Top of the 5th over - 1 run(s), 1 hit(s), 0 error(s), 0 left on base; Wisconsin Rapids 1 - Cincinnati 2 |
BOTTOM OF THE 5TH |
Cincinnati Pride batting - Pitching for Wisconsin Rapids Rangers : RHP Jaime Martínez
|
Batting: LHB Ricardo Brandariz
|
0-0: Called Strike 0-1: Ball 1-1: Ground out 5-3 (Groundball, 5)
|
Batting: RHB Fernando Díaz
|
0-0: Fly out, F3 (Popup, 13S)
|
Batting: LHB Robin Hill
|
0-0: Foul Ball, location: 2F 0-1: Ground out U3 (Groundball, 3S)
|
Bottom of the 5th over - 0 run(s), 0 hit(s), 0 error(s), 0 left on base; Wisconsin Rapids 1 - Cincinnati 2 |
TOP OF THE 6TH |
Wisconsin Rapids Rangers batting - Pitching for Cincinnati Pride : RHP Jesús Martínez
|
Pitching: RHP Tomás Pagán
|
|
Batting: RHB Kirk Powell
|
0-0: Called Strike 0-1: Ball 1-1: Ball 2-1: Foul Ball, location: 2F 2-2: Strikes out looking
|
Batting: RHB Arturo Rodríguez
|
0-0: Ball 1-0: Called Strike 1-1: Ground out 6-3 (Groundball, 6)
|
Batting: RHB James Green
|
0-0: Foul Ball, location: 2F 0-1: Fly out, F6 (Popup, 6)
|
Top of the 6th over - 0 run(s), 0 hit(s), 0 error(s), 0 left on base; Wisconsin Rapids 1 - Cincinnati 2 |
BOTTOM OF THE 6TH |
Cincinnati Pride batting - Pitching for Wisconsin Rapids Rangers : RHP Jaime Martínez
|
Batting: RHB Francisco Rincón
|
0-0: Called Strike 0-1: Ball 1-1: Ball 2-1: Ball 3-1: Base on Balls
|
Batting: RHB Peter Sexton
|
0-0: Called Strike 0-1: Foul Ball, location: 2F 0-2: Strikes out swinging
|
Batting: RHB Jonas Uttley
|
0-0: Fly out, F8 (Flyball, 8LM)
|
Batting: RHB Alden Isenhood
|
0-0: Called Strike 0-1: Ground out 5-3 (Groundball, 5L)
|
Bottom of the 6th over - 0 run(s), 0 hit(s), 0 error(s), 1 left on base; Wisconsin Rapids 1 - Cincinnati 2 |
TOP OF THE 7TH |
Wisconsin Rapids Rangers batting - Pitching for Cincinnati Pride : RHP Tomás Pagán
|
Batting: RHB Danny Campbell
|
0-0: Called Strike 0-1: Foul Ball, location: 2F 0-2: Ball 1-2: Ball 2-2: Strikes out swinging
|
Batting: RHB Ray Little
|
0-0: Foul Ball, location: 2F 0-1: Ball 1-1: SINGLE (Groundball, 5D)
|
Batting: LHB Ron Robinson
|
0-0: Ball 1-0: Ball 2-0: Ball 3-0: Called Strike 3-1: Base on Balls Ray Little to second
|
Batting: LHB Ramón Córdova
|
0-0: Ball 1-0: SINGLE (Line Drive, 8LS) Ray Little to third Ron Robinson to second
|
Batting: RHB John Hursted
|
0-0: Swinging Strike 0-1: SINGLE (Line Drive, 8RS) Ray Little scores Ron Robinson to third Ramón Córdova to second
|
Batting: RHB Bruce Brooks
|
0-0: Ball 1-0: SINGLE (Line Drive, 6M) Ron Robinson scores Ramón Córdova to third John Hursted to second Runner from 3rd tries for Home, SAFE, no throw or cutoff
|
Pitching: LHP Pedro Orozco
|
|
Batting: RHB Kirk Powell
|
0-0: Called Strike 0-1: Ball 1-1: Ball 2-1: Swinging Strike 2-2: Foul Ball, location: 2F 2-2: Strikes out looking
|
Batting: RHB Arturo Rodríguez
|
0-0: Called Strike 0-1: Swinging Strike 0-2: Ball Balk! John Hursted to third Bruce Brooks to second 1-2: DOUBLE (Line Drive, 8RM) John Hursted scores Bruce Brooks scores
|
Batting: RHB James Green
|
0-0: Ball 1-0: Swinging Strike 1-1: Foul Ball, location: 2F 1-2: Foul Ball, location: 2F 1-2: Ball 2-2: Strikes out swinging
|
Top of the 7th over - 5 run(s), 5 hit(s), 0 error(s), 1 left on base; Wisconsin Rapids 6 - Cincinnati 2 |
BOTTOM OF THE 7TH |
Cincinnati Pride batting - Pitching for Wisconsin Rapids Rangers : RHP Jaime Martínez
|
Pitching: RHP Bennie Jones
|
|
Batting: RHB Gabriel Villegas
|
0-0: Ball 1-0: Ground out 3-1 (Groundball, 34)
|
Batting: SHB Nick Marshall
|
0-0: Hit by Pitch
|
Batting: LHB Ricardo Brandariz
|
0-0: Called Strike 0-1: Ball 1-1: Ball 2-1: Called Strike Nick Marshall steals 2nd base 2-2: Ball 3-2: Foul Ball, location: 2F 3-2: Base on Balls
|
Batting: RHB Fernando Díaz
|
0-0: Ball 1-0: Foul Ball, location: 2F 1-1: Ball 2-1: Fielders Choice at 2nd, 1-6 (Groundball, 23) Nick Marshall to third
|
Batting: LHB Robin Hill
|
0-0: Foul Ball, location: 2F 0-1: Called Strike 0-2: SINGLE (Flyball, 8RS) Nick Marshall scores Fernando Díaz to second Runner from 2nd tries for 3rd, SAFE, throw made to third Robin Hill to second
|
Batting: RHB Francisco Rincón
|
0-0: Foul Ball, location: 2F 0-1: Called Strike 0-2: Fly out, F9 (Flyball, 89M)
|
Bottom of the 7th over - 1 run(s), 1 hit(s), 0 error(s), 2 left on base; Wisconsin Rapids 6 - Cincinnati 3 |
TOP OF THE 8TH |
Wisconsin Rapids Rangers batting - Pitching for Cincinnati Pride : LHP Pedro Orozco
|
Batting: RHB Danny Campbell
|
0-0: Called Strike 0-1: Swinging Strike 0-2: Strikes out swinging
|
Batting: RHB Ray Little
|
0-0: Called Strike 0-1: Called Strike 0-2: Ball 1-2: Foul Ball, location: 2F 1-2: Ball 2-2: Ball 3-2: Base on Balls
|
Batting: LHB Ron Robinson
|
0-0: Called Strike 0-1: Ball 1-1: Foul Ball, location: 2F 1-2: Strikes out looking
|
Batting: LHB Ramón Córdova
|
0-0: Ball 1-0: Swinging Strike 1-1: Foul Ball, location: 2F 1-2: Ball 2-2: Foul Ball, location: 2F 2-2: Strikes out swinging
|
Top of the 8th over - 0 run(s), 0 hit(s), 0 error(s), 1 left on base; Wisconsin Rapids 6 - Cincinnati 3 |
BOTTOM OF THE 8TH |
Cincinnati Pride batting - Pitching for Wisconsin Rapids Rangers : RHP Bennie Jones
|
Batting: RHB Peter Sexton
|
0-0: SINGLE (Groundball, 4MD)
|
Batting: RHB Jonas Uttley
|
0-0: Ball 1-0: Called Strike 1-1: Ball 2-1: Ball 3-1: Base on Balls Peter Sexton to second
|
Batting: RHB Alden Isenhood
|
0-0: Ball 1-0: Swinging Strike 1-1: Ball 2-1: Ball 3-1: Fly out, F9 (Flyball, 9M)
|
Batting: RHB Gabriel Villegas
|
0-0: Called Strike 0-1: Ball 1-1: Fly out, F7 (Flyball, 8LM) 1-1: Fly out, F7 (Flyball, 8LM)
|
Batting: SHB Nick Marshall
|
0-0: Ball 1-0: Ball 2-0: Ball 3-0: Called Strike 3-1: Base on Balls Peter Sexton to third Jonas Uttley to second
|
Batting: LHB Ricardo Brandariz
|
0-0: Called Strike 0-1: Foul Ball, location: 2F 0-2: Strikes out swinging
|
Bottom of the 8th over - 0 run(s), 1 hit(s), 0 error(s), 3 left on base; Wisconsin Rapids 6 - Cincinnati 3 |
TOP OF THE 9TH |
Wisconsin Rapids Rangers batting - Pitching for Cincinnati Pride : LHP Pedro Orozco
|
Batting: RHB John Hursted
|
0-0: Ball 1-0: Called Strike 1-1: Foul Ball, location: 2F 1-2: Foul Ball, location: 2F 1-2: Ball 2-2: Strikes out looking
|
Batting: RHB Bruce Brooks
|
0-0: Called Strike 0-1: Called Strike 0-2: Foul Ball, location: 2F 0-2: SINGLE (Line Drive, 8RS)
|
Batting: RHB Kirk Powell
|
0-0: Called Strike 0-1: Ball 1-1: Ball 2-1: Foul Ball, location: 2F 2-2: Ball 3-2: Strikes out swinging
|
Pitching: RHP Manuel Jimenen
|
|
Batting: RHB Arturo Rodríguez
|
0-0: Ball 1-0: Foul Ball, location: 2F 1-1: Ball 2-1: Foul Ball, location: 2F 2-2: Foul Ball, location: 2F 2-2: Foul Ball, location: 2F 2-2: Ball 3-2: Base on Balls Bruce Brooks to second
|
Batting: RHB James Green
|
0-0: Ball Wild Pitch! Bruce Brooks to third Arturo Rodríguez to second 1-0: Foul Ball, location: 2F 1-1: Swinging Strike 1-2: Foul Ball, location: 2F 1-2: Foul Ball, location: 2F 1-2: Foul Ball, location: 2F 1-2: Foul Ball, location: 2F 1-2: Strikes out looking
|
Top of the 9th over - 0 run(s), 1 hit(s), 0 error(s), 2 left on base; Wisconsin Rapids 6 - Cincinnati 3 |
BOTTOM OF THE 9TH |
Cincinnati Pride batting - Pitching for Wisconsin Rapids Rangers : RHP Bennie Jones
|
Pitching: LHP Jorge Martínez
|
|
Batting: RHB Fernando Díaz
|
0-0: SINGLE (Groundball, 56)
|
Batting: LHB Robin Hill
|
0-0: Ball 1-0: Called Strike 1-1: SINGLE (Groundball, 34D) Fernando Díaz to second Runner from 2nd tries for 3rd, SAFE, throw made to third Robin Hill to second
|
Batting: RHB Francisco Rincón
|
0-0: Fly out, F3 (Line Drive, 3)
|
Batting: RHB Peter Sexton
|
0-0: Ball 1-0: Swinging Strike 1-1: DOUBLE (Line Drive, 9LS) Fernando Díaz scores Robin Hill scores
|
Batting: RHB Jonas Uttley
|
0-0: Called Strike 0-1: Fly out, F4 (Popup, 3D)
|
Batting: RHB Alden Isenhood
|
Single, Error in OF, E7, batter to second base Peter Sexton scores
|
Batting: RHB Gabriel Villegas
|
Single, Error in OF, E7, batter to second base Alden Isenhood scores
|
|